Unix NetHack Version 5.0.0-0 post-release - last build Jun 10 2026 00:39:30 (3ee93aec679c4c4259841fe613dc97188e26a321,branch:main).

Game began 2026-06-16 02:04:44, ended 2026-06-16 04:56:28.

Kwijibo4686, neutral female human Valkyrie

                          --------------------------
                          |>......@.........[.."...|
                          |.....@@----------------.|
                          -------@------         |.|
                           |...........|         |.|
                           |`.........`|         |.|
                          --------.----|         |(|
                          |..........*.|         |%|
                          |..[.....)..(|         |[|
                          -----.--------   ------|.|
                           |..`.`.....|  --|$$$$.|"|
                           |..```.....|  |.+$.$$$|.|
                           |..```....--  |-|$.$$.|.|
                          -------.----   |.+.$$$.%.|
                          |........|     |-|$."..|--
                          |........|     |.+$...$|
                          |...------     --|.....|
                          -----            -------
Kwijibo4686 the Woman-at-arms  St:18/05 Dx:15 Co:18 In:7 Wi:9 Ch:8  Neutral
Dlvl:3  $:2679 HP:0(100) Pw:15(15) AC:10 Xp:10 T:14205 

Latest messages:
 The giant spider spins a web.
 The dwarf hits!
 You hit the dwarf!
 You kill the dwarf!
 There is a partly eaten white unicorn corpse here; eat it? [ynq] (n) y
 You resume your meal.
 You stop eating the white unicorn corpse.
 You hit the giant spider!
 The giant spider bites!
 You hit the giant spider!
 The giant spider misses!
 The giant spider bites!
 You hit the giant spider!
 The giant spider bites!
 The giant spider misses!
 You turn into a werewolf!
 You break out of your armor!
 The clasp on your cloak breaks open!
 You stagger under your heavy load.  Movement is very hard.
 Your shirt rips to shreds!
 You drop your gloves and weapon!
 You can no longer hold your shield!
 You rebalance your load.  Movement is still difficult.
 Your helm falls to the floor!
 Your boots are pushed off your feet!
 Use the command #monster to summon help.
 The giant spider spins a web.
 Click!  You trigger a rolling boulder trap!
 No boulder was released.
 The Green-elf wields an elven short sword!
 The Green-elf wields a dagger!
 The Green-elf thrusts his elven short sword.
 The Green-elf hits!
 The Green-elf wields an elven bow!
 The Green-elf thrusts his elven short sword.
 The Green-elf hits!
 The Green-elf wields a dagger!
 The Green-elf thrusts his elven short sword.
 The Green-elf hits!
 You return to human form!
 Your movements are now unencumbered.
 The Green-elf thrusts his dagger.
 The Green-elf hits!
 The Green-elf throws an elven dagger!
 The elven dagger hits the Green-elf.
 You escape a rolling boulder trap.
 The Green-elf thrusts his elven short sword.
 The Green-elf hits!
 You die...
 Do you want your possessions identified? [ynq] (y) q

Inventory:
 Coins    ('$')
  $ - 2679 gold pieces
 Comestibles  ('%')
  G - 3 uncursed C-rations
  W - an uncursed clove of garlic
  H - 2 uncursed cream pies
  Z - 2 uncursed food rations
  U - an uncursed fortune cookie
  y - an uncursed tin of broiled kobold leader meat
  t - an uncursed tin of smoked hobbit meat
  u - an uncursed lizard corpse
 Scrolls  ('?')
  O - a blessed scroll of blank paper
  J - an uncursed scroll of confuse monster
  V - an uncursed scroll of earth
  F - an uncursed scroll of remove curse
  w - an uncursed scroll of scare monster
 Potions  ('!')
  Q - an uncursed potion of healing
  R - an uncursed potion of object detection
 Rings    ('=')
  m - an uncursed ring of polymorph control
  f - an uncursed ring of see invisible
  Y - an uncursed ring of shock resistance
 Wands    ('/')
  I - a wand of digging (0:6)
  S - a wand of fire (0:8)
  g - a wand of magic missile (0:1)
  e - a wand of polymorph (0:5)
  h - a wand of slow monster (0:8)
  j - a wand of striking (0:1)
 Tools    ('(')
  A - a cursed bag of holding containing 3 items
  C - an empty cursed sack
  B - an uncursed blindfold
  P - an uncursed lock pick
  D - a cursed magic lamp (lit)
  s - an uncursed magic whistle
  q - a +0 pick-axe
  M - an uncursed skeleton key
  L - a +0 unicorn horn
 Gems/Stones  ('*')
  p - an uncursed luckstone
  N - an uncursed touchstone
  E - a cursed touchstone

Contents of the bag of holding:
  5460 gold pieces
  an uncursed aquamarine stone
  an uncursed opal

Kwijibo4686 the Valkyrie's attributes:

Background:
 You were a Woman-at-arms, a level 10 human Valkyrie.
 You were neutral, on a mission for Odin
 who was opposed by Tyr (lawful) and Loki (chaotic).
 You were right-handed.
 You were in Sokoban, on level 3.
 You entered the dungeon 14205 turns ago.
 It was nighttime.
 There was a new moon in effect when your adventure ended.
 You had 9498 experience points, 502 more were needed to attain level 11.

Basics:
 You had 0 out of 100 hit points.
 You had all 15 energy points (spell power).
 Your armor class was 10.
 Your wallet contained 2679 zorkmids, and
 you had 5460 more stashed away in your pack.
 Autopickup was on for '$?!/="' plus thrown.

Final Characteristics:
 Your strength was 18/05 (limit:18/100).
 Your dexterity was 15 (limit:18).
 Your constitution was 18 (limit:18).
 Your intelligence was 7 (limit:18).
 Your wisdom was 9 (limit:18).
 Your charisma was 8 (limit:18).

Final Status:
 You weren't hungry.
 You were unencumbered.
 You were bare handed.
 You were unskilled in bare handed combat.
 You weren't wearing any armor.

Final Attributes:
 You were piously aligned.
 You were cold resistant.
 You were shock resistant.
 You were poison resistant.
 You were level-drain resistant.
 You saw invisible.
 You were invisible to others.
 You were stealthy.
 You were a werewolf.
 You were harmed by silver.
 You had extra luck.
 Bad luck did not time out for you.
 Good luck did not time out for you.
 You are dead.

Miscellaneous:
 You encountered 2 bones levels.
 Total elapsed playing time was 2 hours, 36 minutes and 54 seconds.

Major events:
 Turn
    1: Kwijibo4686 the neutral human Valkyrie entered the dungeon
  632: entered the Gnomish Mines
  659: attained the rank of Skirmisher (level 3)
 1270: reached Mine Town
 1461: attained the rank of Fighter (level 6)
 3838: acquired the Mines' End luckstone
 8406: attained the rank of Woman-at-arms (level 10)
10513: entered Sokoban
10818: completed 1st Sokoban level
11358: completed 2nd Sokoban level
11989: completed 3rd Sokoban level
13205: completed 4th Sokoban level
14205: killed by a Green-elf

You didn't know any spells.

Skills:
 Fighting Skills
   bare handed combat [Unskilled]
   two weapon combat  [Unskilled]
   riding             [Unskilled]
 Weapon Skills
   dagger             [Basic]
   axe                [Unskilled]
   pick-axe           [Unskilled]
   short sword        [Unskilled]
   broadsword         [Unskilled]
   long sword         [Unskilled]
   two-handed sword   [Unskilled]
   saber              [Unskilled]
   hammer             [Unskilled]
   quarterstaff       [Unskilled]
   polearms           [Unskilled]
   spear              [Expert]
   trident            [Unskilled]
   lance              [Unskilled]
   sling              [Unskilled]
 Spellcasting Skills
   attack spells      [Unskilled]
   escape spells      [Unskilled]

Voluntary challenges:
 Character rerolling was not enabled.
 You never genocided any monsters.
 You never polymorphed an object.
 You used no wishes.
 You violated the special Sokoban rules twice.
Achievements:
 You entered the Gnomish Mines.
 You attained the rank of Skirmisher.
 You entered Minetown.
 You attained the rank of Fighter.
 You entered a temple.
 You entered a shop.
 You completed the Gnomish Mines.
 You attained the rank of Woman-at-arms.
 You entered Sokoban.

 The Dungeons of Doom: levels 1 to 7
    Level 1:
       A fountain.
    Level 2:
    Level 3:
       An armor shop, a fountain.
    Level 4:
       Some fountains, a sink.
       Stairs down to The Gnomish Mines.
    Level 5:
       A general store, a fountain.
    Level 6:
       Final resting place for
          GdeVolpiano-Arc-Hum-Fem-Law, killed by a soldier ant, while praying.
    Level 7: "v"
       Stairs up to Sokoban, level 6.
 The Gnomish Mines: levels 5 to 13
    Level 5:
    Level 6:
       Final resting place for
          npexception-Tou-Hum-Mal-Neu, killed by a gnome.
    Level 7:
    Level 8:
       Many shops, a temple and an altar, some fountains, some trees.
    Level 9:
    Level 10:
    Level 11:
    Level 12:
    Level 13:
 Sokoban: levels 6 up to 3
    Level 3: <- You were here.
       Solved.
       Final resting place for
          you, killed by a Green-elf.
    Level 4:
       Solved.
    Level 5:
       Solved.
    Level 6:
       Solved.


Vanquished creatures:
  2 ghosts
  2 giant mimics
  a long worm
  3 large mimics
  3 stalkers
  a black naga
  2 wargs
 16 small mimics
  a quantum mechanic
  2 sasquatches
  a wood golem
  2 gelatinous cubes
  a pyrolisk
  a flaming sphere
  2 tigers
  a tengu
  3 stone giants
 an elf mummy
  a human mummy
  a pit viper
  a wraith
  a carnivorous ape
  a leather golem
  2 soldiers
  a chameleon
  a quivering blob
  a wolf
  2 winter wolf cubs
  a lynx
  a panther
  a gremlin
  3 leprechauns
 an orc-captain
  2 iron piercers
  6 giant spiders
  4 scorpions
  a horse
 an ice vortex
  2 baby long worms
  3 black lights
  a vampire bat
  a gnome ruler
  a dwarf mummy
  3 owlbears
  3 yetis
  2 gold golems
  2 werewolves
  a Green-elf
  4 lizards
  a jaguar
  2 dwarf leaders
  2 white unicorns
  a black unicorn
  3 ravens
  a plains centaur
  a gnome mummy
  7 human zombies
  a rope golem
  5 Woodland-elves
  8 soldier ants
  4 fire ants
  a bugbear
 an imp
  2 quasits
  a wood nymph
  a mountain nymph
  6 Mordor orcs
 an orc shaman
  a rock mole
  a pony
  2 yellow lights
  a shrieker
  2 violet fungi
 15 gnome leaders
  7 gnomish wizards
  a kobold mummy
  a red naga hatchling
  2 barrow wights
  3 elf zombies
  a ghoul
  a paper golem
  2 giant ants
  a little dog
  2 floating eyes
  a kitten
 25 dwarves
  3 homunculi
  a kobold leader
 13 hill orcs
  3 rothes
  2 rabid rats
  a giant bat
  a dwarf zombie
  2 wererats
  a werejackal
  7 iguanas
  4 killer bees
  2 acid blobs
  a coyote
  a gas spore
  3 hobbits
  5 manes
  2 large kobolds
  a hobgoblin
  3 giant rats
  5 cave spiders
  2 brown molds
  a yellow mold
  a green mold
  2 red molds
 72 gnomes
  2 garter snakes
  2 gnome zombies
  4 geckos
  8 jackals
  2 foxes
  2 kobolds
  2 goblins
  2 sewer rats
  6 grid bugs
  3 bats
  7 lichens
  6 newts
404 creatures vanquished.

No species were genocided or became extinct.

Game over:
                       ----------
                      /          \
                     /    REST    \
                    /      IN      \
                   /     PEACE      \
                  /                  \
                  |   Kwijibo4686    |
                  |     8139 Au      |
                  |   killed by a    |
                  |    Green-elf     |
                  |                  |
                  |                  |
                  |       2026       |
                 *|     *  *  *      | *
        _________)/\\_//(\/(/\)/\//\/|_)_______

Farvel Kwijibo4686 the Valkyrie...

You died in Sokoban on dungeon level 3 with 45938 points,
and 8139 pieces of gold, after 14205 moves.
You were level 10 with a maximum of 100 hit points when you died.

